 Dungeon Crawl Stone Soup version 0.30-a0-777-ga9a30cbeda (webtiles) character file.

Game seed: 7012322349939221113

158 qeuew the Trooper (level 5, 0/54 HPs)
             Began as an Ogre Gladiator on Feb 14, 2023.
             Slain by an orc
             ... wielding a +2 morningstar of protection
              (6 damage)
             ... on level 3 of the Dungeon.
             The game lasted 00:05:14 (2352 turns).

qeuew the Trooper (Ogre Gladiator)                  Turns: 2352, Time: 00:05:15

Health: 0/54       AC:  4    Str: 20    XL:     5   Next: 39%
Magic:  5/5        EV: 10    Int:  9    God:
Gold:   150        SH:  0    Dex: 10    Spells: 4/4 levels left

rFire   . . .      SeeInvis .    a - +0 trident (vamp)
rCold   . . .      Faith    .    (no shield)
rNeg    . . .      Spirit   .    b - +0 robe
rPois   .          Reflect  .    c - +1 hat
rElec   .          Harm     .    (no cloak)
rCorr   .          Rampage  .    (gloves unavailable)
Will    .....                    (boots unavailable)
Stlth   +                        (no amulet)
HPRegen 0.29/turn                (no ring)
MPRegen 0.09/turn                (no ring)

@: no status effects
A: large, unfitting armour, tough skin 1
a: no special abilities


You were on level 3 of the Dungeon.
You visited 1 branch of the dungeon, and saw 3 of its levels.

You collected 150 gold pieces.

Inventory:

Hand Weapons
 a - a +0 vampiric trident (weapon)
Missiles
 d - 3 throwing nets (quivered)
 e - a large rock
Armour
 b - a +0 robe (worn)
 c - a +1 hat (worn)
Jewellery
 i - a ring of ice
Scrolls
 f - 2 scrolls of teleportation
 j - a scroll of enchant armour
 k - a scroll of amnesia
 l - a scroll of identify
Potions
 g - 2 potions of berserk rage
 h - a potion of curing
 m - 2 potions of might


   Skills:
 + Level 4.2 Fighting
 + Level 3.8 Polearms
 + Level 3.1 Throwing
 + Level 3.5 Dodging


You had 4 spell levels left.
You didn't know any spells.
Your spell library contained the following spells:

 Spells                   Type           Power      Damage    Failure   Level
 Scorch                   Fire           0%         2d5       52%         2
 Flame Wave               Conj/Fire      0%         2d4       99%         4
 Summon Cactus Giant      Summ           0%         N/A       100%        6


Dungeon Overview and Level Annotations

Branches:
Dungeon (3/15)

Altars:

Shops:
D:1 **(   D:2 ?


Innate Abilities, Weirdness & Mutations

You are too large for most types of armour.
You have tough skin. (AC +1)


Message History

The ball python attacks as you move away!
The ball python bites you but does no damage.
The ball python attacks as you move away!
The ball python bites you but does no damage.
The ball python attacks as you move away!
The ball python barely misses you. The ball python bites you.
* * * LOW HITPOINT WARNING * * *
The orc attacks as you move away! The orc hits you with a +0 war axe.
* * * LOW HITPOINT WARNING * * *
The ball python attacks as you move away!
The ball python bites you.
* * * LOW HITPOINT WARNING * * *
You closely miss the ball python. The ball python misses you.
You completely miss the ball python. The ball python closely misses you.
The ball python barely misses you.
You hit the ball python.
You feel better.
You kill the ball python!
You closely miss the hobgoblin. The hobgoblin closely misses you.
You hit the hobgoblin.
You feel better.
You kill the hobgoblin!
You hit the orc but do no damage. The orc hits you but does no damage.
You puncture the orc!
You kill the orc!
You closely miss the orc. The orc hits you with a +0 falchion.
* * * LOW HITPOINT WARNING * * *
You barely miss the orc. The orc barely misses you.
You hit the orc.
The orc is moderately wounded.
The orc completely misses you.
You puncture the orc!
You feel better.
You kill the orc!
You puncture the orc!
You feel better.
You kill the orc!
You hit the orc but do no damage. The orc hits you but does no damage.
You hit the orc but do no damage.
The orc hits you with a +2 morningstar of protection!
* * * LOW HITPOINT WARNING * * *
You barely miss the orc.
The orc hits you with a +2 morningstar of protection.
You die...

....(................#####.#
.....................#
.....................#
...................#.#
.....).............#.# #.##
.................#.#.# #...
............o....#.#.# ####
........(......#o#.#.#
.##########.####@#.# #.#
#.#.# #.# #.#.#.... #.#
#........ #.# #....... #.#
#.....# #.# #.....#### ####
#. #......... ....
####.####......###### ####


You could see an orc.

Vanquished Creatures
  An orc wizard (D:3)
  4 gnolls (D:2)
  An adder (D:3)
  A worm (D:2)
  3 dart slugs (D:1)
  8 orcs (D:3)
  4 endoplasms
  3 giant cockroaches
  8 goblins
  4 hobgoblins
  3 jackals (D:1)
  6 kobolds
  A quokka (D:2)
  5 ball pythons
  7 bats
  4 frilled lizards (D:1)
  6 rats
69 creatures vanquished.

Notes
Turn   | Place    | Note
-------+----------+-------------------------------------------
     0 | D:1      | qeuew the Ogre Gladiator began the quest for the Orb.
     0 | D:1      | Reached XP level 1. HP: 22/22 MP: 1/1
    72 | D:1      | Reached XP level 2. HP: 27/29 MP: 2/2
   112 | D:1      | Reached skill level 3 in Fighting
   270 | D:1      | Found Lionim's Assorted Antiques.
   613 | D:1      | Reached XP level 3. HP: 37/37 MP: 3/3
   716 | D:1      | Found Sesch's General Store.
  1025 | D:1      | Found Ircheg's Weapon Shop.
  1252 | D:2      | Reached XP level 4. HP: 23/46 MP: 4/4
  1257 | D:2      | HP: 1/46 [gnoll/+0 spear (5)]
  1852 | D:2      | Found Onocal's Magic Scroll Emporium.
  2210 | D:3      | Reached skill level 4 in Fighting
  2210 | D:3      | Reached XP level 5. HP: 45/54 MP: 5/5
  2352 | D:3      | Slain by an orc

Illustrated notes

Levels and vault maps discovered:
D:1:      dpeg_arrival_pits, layout_basic, serial_shops, shop_fountains,
          nicolae_shop_stone, nicolae_lakefront_shop, minmay_statues_item,
          minmay_pentomino_z2
D:2:      layout_basic, serial_shops, nicolae_shop_crystal
D:3:      layout_basic, dilly_guarded_unrand_morg, uniq_crazy_yiuf_cottage,
          uniq_grinder, uniq_terence

Skill      XL: |  1  2  3  4 |
---------------+-------------+-----
Fighting       | 3 4 |  4.2
Dodging        | 3 |  3.5
Throwing       | 3 |  3.1
Polearms       | |  3.8

Action                     |  1- 3 |  4- 6 || total
---------------------------+-------+-------++-------
  Melee: Trident           |   103 |   116 ||   219
         Punch             |       |     1 ||     1
  Throw: Throwing net      |     1 |       ||     1
    Use: Scroll            |     7 |     1 ||     8
         Potion            |     2 |     1 ||     3
   Stab: Sleeping          |     2 |       ||     2
 Armour: Robe              |    30 |    36 ||    66
  Dodge: Dodged            |    42 |    84 ||   126

Table legend: (Time is in decaauts)
 A = Elapsed time spent in this place.
 B = Non-inter-level travel time spent in this place.
 C = Inter-level travel time spent in this place.
 D = Time resting spent in this place.
 E = Time spent auto-exploring this place.
 F = Levels seen in this place.
 G = Mean time per level.
                   A        B        C        D        E       F      G
               +--------+--------+--------+--------+--------+-----+--------+
         Total |   2380 |   2342 |     38 |    199 |   1670 |   3 |  793.3 |
       Dungeon |   2380 |   2342 |     38 |    199 |   1670 |   3 |  793.3 |
               +--------+--------+--------+--------+--------+-----+--------+

Top non-repeatable levels by time:
     D:1: 1409 daAuts
     D:2: 751 daAuts
     D:3: 220 daAuts
